 Dungeon Crawl Stone Soup version 0.28-a0-178-ga708605c5b (webtiles) character file.

Game seed: 10357386049100635906

2017 omnomnOMINOUS the Conjurer (level 9, -3/61 HPs)
             Began as an Octopode Wanderer on Aug 17, 2021.
             Was a Priest of Qazlal.
             Succumbed to a kobold brigand's curare-tipped dart
             ... on level 7 of the Dungeon.
             The game lasted 00:27:10 (9228 turns).

omnomnOMINOUS the Conjurer (Octopode Wanderer)      Turns: 9228, Time: 00:27:11

Health: -3/61      AC:  1    Str:  7 (9)  XL:     9   Next: 23%
Magic:  10/10      EV: 14    Int: 17 (20) God:    Qazlal [***...]
Gold:   235        SH:  4    Dex:  9 (11) Spells: 9/10 levels left

rFire   . . .      SeeInvis +   b - +1 short sword (venom)
rCold   + . .      Faith    .   (no shield)
rNeg    . . .      Spirit   .   (helmet restricted)
rPois   .          Reflect  .   (no amulet)
rElec   .          Harm     .   r - ring of resist corrosion
rCorr   +          Rampage  .   w - ring of protection from cold
Will    .....                   t - ring of see invisible
Stlth   ++........              (no ring)
HPRegen 0.20/turn               (no ring)
MPRegen 0.12/turn               (no ring)
                                (no ring)
                                (no ring)

@: lethally poisoned (-3 -> -38), slowed, very slow
A: almost no armour, amphibious, 8 rings, camouflage 1, gelatinous body 1,
(nimble swimmer 1), tentacles
a: Renounce Religion, Upheaval, Elemental Force


You were on level 7 of the Dungeon.
You worshipped Qazlal.
Qazlal was most pleased with you.
You visited 2 branches of the dungeon, and saw 8 of its levels.

You collected 271 gold pieces.
You spent 36 gold pieces at shops.

Inventory:

Hand Weapons
 a - a +2 dagger of flaming
 b - a +1 short sword of venom (weapon)
 q - a +0 dagger of draining
Jewellery
 r - a ring of resist corrosion (left tentacle)
 s - a ring of flight
 t - a ring of see invisible (on tentacle)
 w - a ring of protection from cold (right tentacle)
Wands
 o - a wand of flame (6)
 x - a wand of iceblast (4)
Scrolls
 c - 3 scrolls of fear {unknown}
 d - a scroll of fog {unknown}
 g - a scroll of enchant weapon {unknown}
 j - a scroll of vulnerability {unknown}
 l - 3 scrolls of identify {unknown}
 n - 2 scrolls of teleportation {unknown}
 p - a scroll of magic mapping {unknown}
 v - a scroll of torment {unknown}
 y - a scroll of amnesia {unknown}
Potions
 e - 4 potions of haste
 f - a potion of might {unknown}
 h - a potion of mutation {unknown}
 i - a potion of degeneration
 k - a potion of attraction {unknown}
 u - a potion of resistance {unknown}
 z - a potion of magic {unknown}


   Skills:
 + Level 5.5 Fighting
 + Level 5.5 Dodging
 - Level 1.3 Stealth
 + Level 1.0 Spellcasting
 + Level 7.6 Conjurations
 - Level 3.0 Ice Magic
 + Level 5.4 Air Magic
 - Level 1.1 Evocations


You had 9 spell levels left.
You knew the following spells:

 Your Spells              Type           Power      Damage    Failure   Level
a - Shock                 Conj/Air       92%        1d8       1%          1

Your spell library contained the following spells:

 Spells                   Type           Power      Damage    Failure   Level
 Swiftness                Air            19%        N/A       7%          3
 Apportation              Tloc           0%         N/A       22%         1
 Pain                     Necr           0%         1d4       22%         1
 Vampiric Draining        Necr           0%         2d6       54%         3
 Cause Fear               Hex            0%         N/A       91%         4
 Alistair's Intoxication  Tmut/Pois      0%         N/A       99%         5
 Invisibility             Hex            0%         N/A       100%        6
 Dragon Form              Tmut           0%         N/A       100%        7
 Dragon's Call            Summ           0%         N/A       100%        9


Dungeon Overview and Level Annotations

Branches:
Dungeon (7/15)             Temple (1/1) D:6

Altars:
Ashenzari
Cheibriados
Elyvilon
Fedhas
Gozag
Hepliaklqana
Makhleb
Nemelex Xobeh
Okawaru
Qazlal
Ru
Uskayaw
Vehumet
Wu Jian
Xom
Yredelemnul
Zin
The Shining One

Shops:
D:1 =[   D:3 !   D:5 [[

Annotations:
D:3 Robin
D:7 Dowan, Duvessa


Innate Abilities, Weirdness & Mutations

You cannot wear most types of armour.
You are amphibious.
You can wear up to eight rings at the same time.
Your skin changes colour to match your surroundings (Stealth+).
Your rubbery body absorbs attacks. (AC +1, EV +1)
((You are camouflaged near water. (Stealth+)))
You have tentacles for arms and can constrict up to eight enemies at once.


Message History

You hear a shout!
You feel much better.
You feel very sick.
The kobold brigand throws a curare-tipped dart.
The curare-tipped dart closely misses you.
The kobold brigand throws a curare-tipped dart.
The curare-tipped dart hits you.
You are more poisoned.
You have difficulty breathing.
You feel as though you will be slow longer.
You feel extremely sick.
The kobold shouts!
You feel very sick.
You hear a shout!
The wyvern bites you!
* * * LOW HITPOINT WARNING * * *
The kobold brigand throws a curare-tipped dart.
The curare-tipped dart hits you.
You are more poisoned.
You have difficulty breathing.
* * * LOW HITPOINT WARNING * * *
You feel as though you will be slow longer.
There is a stone staircase leading up, spattered with blood here.
Unknown command.
You feel much better.
* * * LOW HITPOINT WARNING * * *
You feel extremely sick.
You hear a shout!
The wyvern completely misses you. The wyvern closely misses you.
The kobold brigand throws a curare-tipped dart.
The curare-tipped dart hits you.
You are more poisoned.
You have difficulty breathing.
* * * LOW HITPOINT WARNING * * *
You feel as though you will be slow longer.
Unknown command.
It was a potion of degeneration.
There was something very wrong with that liquid.
You feel weakened.
You feel dopey.
You feel clumsy.
You die...

#)............#
#.............#
##............#
#............#
#............#
#............#
#............#
##.....†§....# #
#.....@.....# #.
#.....l.....# ...
#...........# ....
#....K......# .....
##.K........#
......##..........#
..................#
$.l.##............#
. ####.........#


You could see a wyvern, a kobold brigand and a kobold.

Vanquished Creatures
  Eustachio (D:4)
  2 water moccasins (D:6)
  3 black bears
  A sky beast (D:5)
  5 ogres
  A lemure (D:6)
  A kobold brigand (D:4)
  A bullfrog (D:6)
  3 scorpions
  A water moccasin skeleton (D:3)
  2 howler monkeys
  A bullfrog zombie (D:6)
  A hound (D:6)
  A bullfrog skeleton (D:4)
  2 iguanas
  Ijyb (D:4)
  Natasha (D:2)
  A howler monkey zombie (D:5)
  4 gnolls (D:4)
  10 adders
  A shadow imp (D:6)
  An ufetubus (D:5)
  A worm (D:2)
  3 dart slugs
  2 orcs
  9 endoplasms
  3 giant cockroaches
  15 goblins
  9 hobgoblins
  3 quokkas
  6 ball pythons
  5 bats
  8 frilled lizards
  11 kobolds
  4 rats
124 creatures vanquished.

Vanquished Creatures (others)
  10 plants
10 creatures vanquished.

Grand Total: 134 creatures vanquished

Notes
Turn   | Place    | Note
-------+----------+-------------------------------------------
     0 | D:1      | omnomnOMINOUS the Octopode Wanderer began the quest for the
                  | Orb.
     0 | D:1      | omnomnOMINOUS set off with the following items: a +2
                  | dagger, a potion of haste; and the following spells
                  | available to memorise: Shock, Pain, Swiftness, Vampiric
                  | Draining
     0 | D:1      | Reached XP level 1. HP: 11/11 MP: 2/2
     2 | D:1      | Learned a level 1 spell: Shock
   116 | D:1      | Reached skill level 1 in Conjurations
   116 | D:1      | Reached XP level 2. HP: 18/18 MP: 3/3
   277 | D:1      | Found Une Ynenu's Armour Boutique.
   681 | D:1      | Reached skill level 1 in Fighting
   690 | D:1      | Reached skill level 1 in Dodging
   847 | D:1      | Reached XP level 3. HP: 23/23 MP: 1/4
   932 | D:1      | Found Kulaq's Jewellery Shop.
  1208 | D:1      | Found a faded altar of an unknown god.
  1213 | D:1      | Became a worshipper of Qazlal Stormbringer
  1213 | D:1      | Reached * piety under Qazlal
  1376 | D:2      | Reached skill level 2 in Conjurations
  1823 | D:2      | Noticed Natasha
  1827 | D:2      | Killed Natasha
  1828 | D:2      | Reached XP level 4. HP: 28/28 MP: 1/5
  2058 | D:2      | Reached ** piety under Qazlal
  2660 | D:3      | Reached skill level 3 in Conjurations
  2660 | D:3      | Reached XP level 5. HP: 18/34 MP: 2/6
  2867 | D:3      | Found Risa's Distillery.
  2922 | D:3      | Bought a potion of curing for 36 gold pieces
  3363 | D:3      | Noticed Robin
  3598 | D:4      | Noticed Ijyb
  3609 | D:4      | Killed Ijyb
  3855 | D:4      | Noticed Eustachio
  3884 | D:4      | Killed Eustachio
  3885 | D:4      | Reached skill level 4 in Conjurations
  3885 | D:4      | Reached XP level 6. HP: 17/42 MP: 0/7
  4125 | D:4      | Found a glowing golden altar of the Shining One.
  4141 | D:4      | Reached XP level 7. HP: 37/46 MP: 2/8
  4449 | D:4      | Reached skill level 5 in Conjurations
  5207 | D:4      | Reached *** piety under Qazlal
  5689 | D:5      | Entered Level 5 of the Dungeon
  5715 | D:5      | Found a blossoming altar of Fedhas.
  5839 | D:5      | Found Tomumuro's Armour Emporium.
  6014 | D:5      | Reached skill level 6 in Conjurations
  6088 | D:5      | Reached XP level 8. HP: 54/54 MP: 3/9
  6334 | D:5      | Found Zieckal's Antique Armour Shoppe.
  7159 | D:5      | Found a white marble altar of Elyvilon.
  7227 | D:5      | Found an opulent altar of Gozag.
  7318 | D:6      | Reached skill level 7 in Conjurations
  7397 | D:6      | Reached skill level 5 in Dodging
  7411 | D:6      | Reached skill level 5 in Fighting
  7728 | D:6      | Reached XP level 9. HP: 61/61 MP: 10/10
  7782 | D:6      | Reached skill level 5 in Air Magic
  7985 | D:6      | Found a staircase to the Ecumenical Temple.
  7989 | Temple   | Entered the Ecumenical Temple
  8492 | D:7      | Noticed Duvessa
  8492 | D:7      | Noticed Dowan
  8624 | D:7      | HP: 2/61 [wyvern zombie (15)]
  9228 | D:7      | Succumbed to a kobold brigand's curare-tipped dart

Illustrated notes

Levels and vault maps discovered:
D:1:      erik_arrival_blinker_ship, layout_loops_ring,
          chequers_ecumenical_altar_lobes, serial_shops, shop, shop
D:2:      layout_basic, lexackson_kobold_supper, uniq_natasha
D:3:      layout_loops_corners, serial_shops, nicolae_shop_statue_plus,
          nrook_mini_vaults, kennysheep_generic_room_10, uniq_robin
D:4:      layout_loops_corners, mainiacjoe_overflow_tiny_flanked,
          uniq_crazy_yiuf_cottage, uniq_eustachio, uniq_ijyb
D:5:      layout_gridville, mainiacjoe_overflow_alcove_1,
          mainiacjoe_overflow_big_doors, serial_shops, nicolae_stop_n_shop_2,
          shop
D:6:      layout_gridville, minmay_temple_entry_glassed_door, st_stairs_4
D:7:      layout_layer_cave, uniq_pikel, uniq_duvessa, uniq_harold
Temple:   jpeg_temple_clearing

Skill      XL: |  1  2  3  4  5  6  7  8  9 |
---------------+----------------------------+-----
Conjurations   | 1 2 3 4 6 7 |  7.6
Fighting       | 1 2 3 4 5 |  5.5
Dodging        | 1 2 3 4 5 |  5.5
Air Magic      | 5 |  5.4
Stealth        | |  1.3
Spellcasting   | |  1.0
Ice Magic      | |  3.0
Evocations     | |  1.1

Action                   |  1- 3 |  4- 6 |  7- 9 || total
-------------------------+-------+-------+-------++-------
Melee: Dagger            |    38 |    10 |    21 ||    69
       Constrict         |    11 |    15 |    15 ||    41
       Tentacles         |     4 |     9 |     7 ||    20
       Short sword       |       |    37 |    33 ||    70
 Cast: Shock             |    39 |    62 |   131 ||   232
Evoke: Wand              |       |       |    13 ||    13
  Use: Potion            |       |     1 |     5 ||     6
 Stab: Sleeping          |     5 |       |       ||     5
       Paralysed         |       |       |     5 ||     5
Armor: Skin              |     2 |     6 |     3 ||    11
Dodge: Dodged            |    16 |    28 |    60 ||   104
Block: Other             |       |     3 |     9 ||    12

Table legend: (Time is in decaauts)
 A = Elapsed time spent in this place.
 B = Non-inter-level travel time spent in this place.
 C = Inter-level travel time spent in this place.
 D = Time resting spent in this place.
 E = Time spent auto-exploring this place.
 F = Levels seen in this place.
 G = Mean time per level.
                   A        B        C        D        E       F      G
               +--------+--------+--------+--------+--------+-----+--------+
         Total |   9242 |   8945 |    297 |   3231 |   4336 |   8 | 1155.2 |
       Dungeon |   9134 |   8849 |    285 |   3231 |   4242 |   7 | 1304.9 |
        Temple |    107 |     95 |     12 |      0 |     94 |   1 |  107.0 |
               +--------+--------+--------+--------+--------+-----+--------+

Top non-repeatable levels by time:
     D:4: 2112 daAuts
     D:6: 1671 daAuts
     D:5: 1585 daAuts
     D:3: 1376 daAuts
     D:1: 1363 daAuts
     D:2: 857 daAuts
     D:7: 168 daAuts
  Temple: 107 daAuts
